 Dungeon Crawl Stone Soup version 0.24.1-8-ga250c9d538 (webtiles) character file.

Game seed: 1535296453776833302, levelgen mode: deterministic

1965 hurp the Fighter (level 9, -5/81 HPs)
             Began as a Minotaur Berserker on May 1, 2020.
             Was an Elder of Trog.
             Slain by an orc warrior
             ... wielding a +0 glaive
              (7 damage)
             ... on level 6 of the Dungeon.
             The game lasted 00:41:39 (4714 turns).

hurp the Fighter (Minotaur Berserker)               Turns: 4714, Time: 00:41:40

Health: -5/81      AC: 11    Str: 25    XL:     9   Next: 0%
Magic:  8/8        EV: 14    Int:  4    God:    Trog [****..]
Gold:   286        SH:  3    Dex: 15    Spells: 8/8 levels left

rFire    + . .     SeeInvis .   s - +2 spear (flame)
rCold    . . .     Gourm    .   G - +0 buckler
rNeg     . . .     Faith    .   f - +1 chain mail
rPois    .         Spirit   .   (helmet restricted)
rElec    .         Reflect  .   (no cloak)
rCorr    .         Harm     .   (no gloves)
MR       .....                  (no boots)
Stlth    ..........             r - amulet of regeneration
HPRegen  0.63/turn              k - ring of protection from cold
MPRegen  0.11/turn              o - ring of fire

@: agile, lightly drained
A: retaliatory headbutt, horns 2
a: Berserk, Trog's Hand, Brothers in Arms, Renounce Religion


You were on level 6 of the Dungeon.
You worshipped Trog.
Trog was greatly pleased with you.
You were not hungry.

You visited 1 branch of the dungeon, and saw 7 of its levels.

You collected 286 gold pieces.

Inventory:

Hand Weapons
 a - a +0 falchion
 h - a +1 whip of venom
 i - a +0 short sword
 s - a +2 spear of flaming (weapon)
 B - a +0 shortbow
 K - a +3 hunting sling
Missiles
 A - 36 bolts
 C - 57 arrows
Armour
 b - a +0 animal skin
 e - a +0 centaur barding
 f - a +1 chain mail (worn)
 n - a cursed +0 ring mail
 t - a +0 scale mail
 G - a +0 buckler (worn)
 L - a +0 leather armour
 N - a +0 helmet
Jewellery
 k - a ring of protection from cold (left hand)
 o - a ring of fire (right hand)
 q - a +1 ring of protection {unknown}
 r - an amulet of regeneration (around neck)
 x - an uncursed ring of ice {unknown}
 y - an uncursed amulet of magic regeneration
 H - an uncursed amulet of harm
 I - a +5 amulet of reflection
 J - an uncursed ring of protection from cold
Wands
 z - a wand of scattershot (3)
Scrolls
 p - 2 scrolls of remove curse
 u - 2 scrolls of enchant armour
 v - a scroll of magic mapping {unknown}
 O - 2 scrolls of amnesia {unknown}
Potions
 j - a potion of haste {unknown}
 l - 2 potions of agility
 m - 2 potions of brilliance {unknown}
 w - a potion of mutation {unknown}
 E - a potion of ambrosia {unknown}
Comestibles
 c - 11 rations


   Skills:
 + Level 8.0(7.7) Fighting
 + Level 6.2(6.0) Long Blades
 + Level 8.0(7.7) Polearms
 + Level 6.8(6.6) Armour
 + Level 3.6(3.3) Dodging
 + Level 0.4(0.2) Stealth
 + Level 0.4(0.2) Shields


You had 8 spell levels left.
You didn't know any spells.
Your spell library was empty.

Dungeon Overview and Level Annotations

Branches:
Dungeon (7/15)
 Temple: D:4-7

Altars:
Gozag
Hepliaklqana
Kikubaaqudgha
Okawaru
Qazlal
Ru
Sif Muna
Trog
Wu Jian
The Shining One


Innate Abilities, Weirdness & Mutations

You reflexively headbutt those who attack you in melee.
You have a pair of horns on your head.


Message History

You reach to attack!
You hit the orc warrior but do no damage.
Attack whom?
Press: ? - help, Dir - move target cursor, f/p - orc warrior
Aim: an orc warrior, wielding a +0 glaive and wearing a +0 plate armour You reach to attack!
Your chain mail prevents you from hitting the orc warrior.
The orc warrior hits you from afar with a +0 glaive.
The orc warrior hits you with a +0 glaive!
* * * LOW HITPOINT WARNING * * *
You barely miss the orc warrior. Your headbutt misses the orc warrior.
You hit the orc warrior. You burn the orc warrior.
You headbutt the orc warrior, but do no damage.
The orc warrior is lightly wounded.
The orc warrior hits you with a +0 glaive!
* * * LOW HITPOINT WARNING * * *
It was a potion of agility.
You feel agile all of a sudden.
The orc warrior hits you with a +0 glaive!
You die...

#..................#..
.................##....
##########........####..
##..#.....#.... .##
#....##..#.##. ...##
##.........Z[h ####...####
#....##..o.##
..........#####....####..#
..........@oo#..#....#...#
<........###...##....#..##
.....)...#
#...##)##.....##
####..#####...#.###.....#
####...###.#..<##......†
#....#.....##........##.
#....##..#..............
#.......####......%#....
#................#......


You could see an orc warrior and an orc priest.

Vanquished Creatures
  Grinder (D:5)
  Duvessa (D:4)
  2 sky beasts
  A black bear (D:6)
  An ogre (D:4)
  3 centaurs
  A bullfrog (D:6)
  Dowan (D:4)
  A howler monkey (D:4)
  2 crimson imps (D:5)
  5 hounds
  2 orc wizards
  2 centaur skeletons
  A gnoll shaman (D:5)
  An orc priest (D:6)
  A jelly (D:6)
  2 bullfrog skeletons
  An iron imp (D:6)
  An iguana (D:7)
  3 worker ants
  A hound skeleton (D:5)
  A worker ant zombie (D:5)
  15 gnolls
  A howler monkey skeleton (D:5)
  8 adders
  2 oozes
  An adder skeleton (D:4)
  4 worms
  2 dart slugs
  4 leopard geckos
  8 orcs
  6 bats
  5 giant cockroaches
  4 goblins
  6 hobgoblins
  9 jackals
  10 kobolds
  A quokka (D:5)
  4 frilled lizards
  2 goblin skeletons (D:6)
  A goblin zombie (D:6)
  2 kobold skeletons (D:6)
  2 kobold zombies (D:6)
  4 orc skeletons (D:6)
  An orc zombie (D:6)
  4 rats
  A bush (D:5)
142 creatures vanquished.

Notes
Turn   | Place    | Note
-------+----------+-------------------------------------------
     0 | D:1      | hurp the Minotaur Berserker began the quest for the Orb.
     0 | D:1      | Reached XP level 1. HP: 19/19 MP: 0/0
    41 | D:1      | Reached XP level 2. HP: 20/27 MP: 1/1
   287 | D:2      | Reached XP level 3. HP: 31/34 MP: 2/2
   566 | D:2      | Reached XP level 4. HP: 41/41 MP: 3/3
   651 | D:2      | Reached ** piety under Trog
   713 | D:2      | Reached skill level 5 in Long Blades
   737 | D:2      | Reached skill level 5 in Fighting
   926 | D:2      | Reached XP level 5. HP: 24/48 MP: 4/4
  1575 | D:2      | Found a shimmering blue altar of Sif Muna.
  1917 | D:3      | Found a sacrificial altar of Ru.
  1917 | D:3      | Found an opulent altar of Gozag.
  1917 | D:3      | Found a stormy altar of Qazlal.
  2213 | D:4      | Reached skill level 1 in Polearms
  2215 | D:4      | Reached *** piety under Trog
  2244 | D:4      | Reached XP level 6. HP: 44/57 MP: 5/5
  2260 | D:4      | Noticed Dowan
  2264 | D:4      | Noticed Duvessa
  2286 | D:4      | Killed Duvessa
  2291 | D:4      | Killed Dowan
  2678 | D:4      | Found an iron altar of Okawaru.
  2687 | D:4      | Reached XP level 7. HP: 64/64 MP: 6/6
  2777 | D:5      | Entered Level 5 of the Dungeon
  2906 | D:5      | Reached skill level 5 in Polearms
  2916 | D:5      | Noticed Grinder
  2942 | D:5      | Paralysed by Grinder for 7 turns
  2954 | D:5      | Killed Grinder
  2954 | D:5      | Reached skill level 5 in Armour
  2954 | D:5      | Reached XP level 8. HP: 71/71 MP: 7/7
  2994 | D:5      | Found a glowing golden altar of the Shining One.
  3084 | D:5      | Found an ancient bone altar of Kikubaaqudgha.
  3314 | D:5      | Found an ornate altar of the Wu Jian Council.
  4114 | D:6      | Found a hazy altar of Hepliaklqana.
  4357 | D:7      | Found a bloodstained altar of Trog.
  4380 | D:7      | Reached **** piety under Trog
  4543 | D:6      | Found a glowing golden altar of the Shining One.
  4702 | D:6      | Reached XP level 9. HP: 23/81 MP: 8/8
  4713 | D:6      | HP: 1/81 [orc warrior/+0 glaive (9)]
  4714 | D:6      | Slain by an orc warrior

Levels and vault maps discovered:
D:1:      dpeg_arrival_rooms_with_view, layout_loops_ring,
          minmay_misc_feat_alley
D:2:      minmay_recursive_quarters, layout_loops_corners,
          lemuel_blue_sif_altar, st_stairs_14
D:3:      layout_loops_corners, gammafunk_temple_overflow_claw
D:4:      layout_basic, okawaru_metal_pillars_3, uniq_duvessa
D:5:      layout_loops_ring, nicolae_overflow_hidden_temple, old_standard_altar,
          tso_oasis_becter, first_ration, chequers_avenue, minmay_hedge_maze,
          uniq_grinder
D:6:      layout_rooms, basic_altar, nicolae_tso_besieged_by_evil
D:7:      layout_cave_pools, lemuel_mausoleum_altar_yredelemnul,
          lemuel_crystal_altar, kennysheep_mini_moat, minmay_temple_entry_hall,
          serial_shops, nicolae_shop_waterfront

Skill      XL: |  1  2  3  4  5  6  7  8 |
---------------+-------------------------+-----
Fighting       | 4 5 6 8 |  8.0
Long Blades    | 4 5 6 |  6.2
Armour         | 3 5 6 |  6.8
Polearms       | 1 3 5 8 |  8.0
Dodging        | 3 |  3.6
Stealth        | |  0.4
Shields        | |  0.4

Action                   |  1- 3 |  4- 6 |  7- 9 || total
-------------------------+-------+-------+-------++-------
Melee: Falchion          |    47 |    70 |       ||   117
       Headbutt          |     9 |    24 |    61 ||    94
       Spear             |       |    61 |   250 ||   311
Invok: Berserk           |       |       |     2 ||     2
       Trog's Hand       |       |       |     1 ||     1
  Use: Scroll            |       |     4 |     4 ||     8
       Potion            |       |       |     3 ||     3
  Eat: Chunk             |       |     2 |     6 ||     8
       Ration            |       |     1 |     1 ||     2
Armor: Animal skin       |     3 |       |       ||     3
       Chain mail        |    15 |    86 |   111 ||   212
Dodge: Dodged            |    26 |    55 |    93 ||   174
Block: Buckler           |       |       |    13 ||    13
       Rpst.: Falchion   |       |    11 |       ||    11
